 Dungeon Crawl Stone Soup version 0.22.2-1-ge965b3aba3 (webtiles) character file.

283 Delarado the Chopper (level 6, -10/55 HPs)
             Began as a Deep Dwarf Fighter on Dec 3, 2018.
             Mangled by a small abomination (17 damage)
             ... on level 1 of the Abyss on Oct 18, 2019.
             The game lasted 00:14:15 (3620 turns).

Delarado the Chopper (Deep Dwarf Fighter)           Turns: 3620, Time: 00:14:15

Health: -10/55     AC: 11    Str: 22    XL:     6   Next: 7%
Magic:  5/5        EV:  5    Int:  8    God:
Gold:   174        SH:  9    Dex: 12    Spells: 5/5 levels left

rFire    . . .     SeeInvis .   a - +0 war axe
rCold    . . .     Gourm    .   c - +0 shield
rNeg     . . .     Faith    .   k - +0 chain mail
rPois    .         Spirit   .   (no helmet)
rElec    .         Reflect  .   p - +0 cloak
rCorr    .         Harm     .   (no gloves)
MR       .....                  (no boots)
Stlth    ..........             (no amulet)
HPRegen  0.00/turn              (no ring)
MPRegen  0.09/turn              (no ring)

@: non-regenerating
A: damage resistance, heal wounds, sense surroundings 1, no regeneration
a: Heal Wounds


You were on level 1 of the Abyss.
You were very hungry.

You visited 1 branch of the dungeon, and saw 4 of its levels.
You visited the Abyss 1 time.

You collected 174 gold pieces.

Inventory:

Hand Weapons
 a - a +0 war axe (weapon)
Missiles
 j - 116 stones (quivered)
Armour
 b - a +0 scale mail
 c - a +0 shield (worn)
 k - a +0 chain mail (worn)
 p - a +0 cloak (worn)
Wands
 o - a wand of iceblast (7)
Scrolls
 d - 2 scrolls of teleportation
 e - 2 scrolls of magic mapping {unknown}
 g - 3 scrolls of immolation {unknown}
 h - 3 scrolls of remove curse
 l - 2 scrolls of enchant weapon
 m - a scroll of enchant armour {unknown}
 n - 2 scrolls of identify
 q - a scroll of blinking {unknown}
Potions
 i - a potion of brilliance {unknown}
 r - a potion of heal wounds
Comestibles
 f - 7 rations


   Skills:
 - Level 2.6 Fighting
 + Level 5.6 Axes
 - Level 5.2 Armour
 - Level 1.1 Stealth
 - Level 3.2 Shields


You had 5 spell levels left.
You didn't know any spells.
Your spell library was empty.

Dungeon Overview and Level Annotations

Branches:
Dungeon (4/15)
 Temple: D:4-7

Altars:
Ashenzari
Okawaru
Sif Muna
Vehumet
Xom

Annotations:
D:4 Sigmund


Innate Abilities, Weirdness & Mutations

You are resistant to damage.
You can heal yourself by infusing magical energy.
You passively map a small area around you.
You do not regenerate.


Message History

The magic dart hits you! Sigmund hits you but does no damage.
You are cast into the Abyss!
To return, you must find a gate leading back.
Killing monsters will force the Abyss to allow you passage.
This branch contains the abyssal rune of Zot.
There is an open door here.
r - a potion of heal wounds A small abomination comes into view.
Unknown command.
You are too injured to fight recklessly!
You are too injured to fight recklessly!
The small abomination hits you!
* * * LOW HITPOINT WARNING * * *
You block the small abomination's attack.
You barely miss the small abomination. The small abomination hits you.
* * * LOW HITPOINT WARNING * * *
You block the small abomination's attack.
You barely miss the small abomination. The small abomination hits you!!
You die...

#..#........# .#
... #
#...........# #.#
... #.#..
#.......#8... ..
#.....#.......'.
.. ..
#..#...#......##8.
..... ##
#.#.......# ### ..
. #........# . ..
.....###.x.##. .
.#..## #.@.# ## ..
...#. #......# .
#..## #....#....#
.. ..#.... ....
#.##.#..# #.. ##
#..#.. . ..# ###
..


You could see a small abomination.

Vanquished Creatures
  An orc wizard (D:3)
  Jessica (D:3)
  Natasha (twice) (D:2)
  An iguana (D:4)
  4 gnolls
  3 adders
  An ooze (D:2)
  An adder skeleton (D:4)
  2 worms
  A dart slug (D:2)
  3 leopard geckos
  7 orcs
  4 giant cockroaches
  8 goblins
  5 hobgoblins
  3 jackals (D:3)
  4 kobolds
  A ball python (D:2)
  6 bats
  5 frilled lizards
  8 rats
71 creatures vanquished.

Notes
Turn   | Place    | Note
-------+----------+-------------------------------------------
     0 | D:1      | Delarado the Deep Dwarf Fighter began the quest for the
                  | Orb.
     0 | D:1      | Reached XP level 1. HP: 20/20 MP: 1/1
   612 | D:1      | Reached XP level 2. HP: 22/27 MP: 2/2
  1343 | D:2      | Reached skill level 1 in Stealth
  1417 | D:2      | Reached XP level 3. HP: 32/33 MP: 3/3
  2004 | D:2      | Noticed Natasha
  2009 | D:2      | Killed Natasha
  2009 | D:2      | Reached XP level 4. HP: 30/40 MP: 4/4
  2024 | D:2      | Noticed Natasha
  2039 | D:2      | Killed Natasha
  2048 | D:2      | Reached XP level 5. HP: 12/46 MP: 5/5
  2128 | D:3      | Found a deep blue altar of Sif Muna.
  2383 | D:3      | Noticed Jessica
  2384 | D:3      | Killed Jessica
  2419 | D:3      | Reached skill level 5 in Axes
  2419 | D:3      | Reached skill level 5 in Armour
  2766 | D:3      | Found a radiant altar of Vehumet.
  3125 | D:4      | Noticed Sigmund
  3244 | D:4      | Reached XP level 6. HP: 40/55 MP: 5/5
  3341 | D:4      | Found a radiant altar of Vehumet.
  3550 | D:4      | Upgraded the game from 0.22.1-2-g9c5b331383 to
                  | 0.22.2-1-ge965b3aba3
  3590 | D:4      | Found a glowing golden altar of the Shining One.
  3590 | D:4      | Found a shimmering altar of Xom.
  3590 | D:4      | Found an iron altar of Okawaru.
  3590 | D:4      | Found a shimmering altar of Xom.
  3590 | D:4      | Found a shattered altar of Ashenzari.
  3599 | D:4      | Cast into level 1 of the Abyss (Sigmund)
  3613 | Abyss:1  | Noticed a small abomination
  3620 | Abyss:1  | Mangled by a small abomination

Skill      XL: |  1  2  3  4  5 |
---------------+----------------+-----
Axes           | 3 4 5 |  5.6
Stealth        | 1 |  1.1
Armour         | 4 5 |  5.2
Fighting       | |  2.6
Shields        | |  3.2

Action                   |  1- 3 |  4- 6 || total
-------------------------+-------+-------++-------
Melee: War axe           |   158 |   140 ||   298
Throw: Stone             |     1 |       ||     1
 Abil: Heal Wounds       |     1 |     2 ||     3
  Use: Scroll            |     4 |       ||     4
       Potion            |       |     1 ||     1
  Eat: Chunk             |     4 |     4 ||     8
Armor: Scale mail        |     6 |       ||     6
       Chain mail        |   102 |    61 ||   163
Dodge: Dodged            |    36 |    27 ||    63
Block: Shield            |    92 |    66 ||   158
